cohdb
Replays
Latest Replays
All Replays
Popular Replays
Top Player Replays
Match Explorer
How It Works
Community
CoH3 Stats
Reddit
Sign in to upload your games and track your stats! →
Sign in with Steam
Match 43434959
Unlisted
Match 43434959
Overview
Messages
Build Orders
End
Pioneer Squad
Construct Infanterie Kompanie
Grenadier Squad
Grenadier Squad
MG 42 Machine Gun Team
Medical Bunker
Construct Luftwaffe Kompanie
Jäger Squad
221 Scout Car
Selects Mechanized Battlegroup
Selects Mobile Repair Stations
Selects Raid Package
MG 42 Machine Gun Team
Support Elements
Jäger Squad
Wirbelwind Flakpanzer
Luftwaffe Officer Quarters
Jäger Squad
Selects 8 Rad Armored Car
Selects UNKNOWN (2160084)
Jäger Squad
Selects Wespe Self-propelled Artillery
Construct Panzer Kompanie
Jäger Squad
Panther Heavy Tank
Jäger Squad
Bananenratte
Nico-Nico-Nii~~
SweeD
Barry Chuckle
0
0
Comments
sign in to comment!
No comments posted yet!